 Dungeon Crawl Stone Soup version 0.31-a0-18-gea43df2a32 (webtiles) character file.

Game seed: 11130434326066521762

3899 scionoferis the Carver (level 10, -15/73 HPs)
             Began as a Djinni Warper on May 12, 2023.
             Was an Initiate of Makhleb.
             Demolished by a deep troll (shapeshifter) (21 damage)
             ... on level 8 of the Dungeon.
             The game lasted 00:35:06 (10152 turns).

scionoferis the Carver (Djinni Warper)             Turns: 10152, Time: 00:35:07

Health: -15/73     AC: 10    Str: 10    XL:     10   Next: 43%
Gold:   447        EV: 10    Int: 22    God:    Makhleb [......] SH:  0 Dex: 14

rFire   + + .        a - +2 long sword of the Extremes {freeze, Int+4 Stlth+}
rCold   . . .        (no shield)
rNeg    . . .        I - +2 ring mail of Puraete {rC+}
rPois   ∞            (no helmet)
rElec   .            P - +0 cloak
rCorr   .            C - +1 pair of gloves
SInv    +            (boots unavailable)
Will    +....        (no amulet)
Stlth   +++          g - +4 ring of slaying
HPRegen 0.32/turn    J - ring of see invisible
MPRegen 0.00/turn

%: infuse magic (-16 HP)
@: flying
A: sickness immunity, fire resistance 2, cold vulnerability 1, float, innate
caster, HP casting, extra vitality 1
a: Renounce Religion


You were on level 8 of the Dungeon.
You worshipped Makhleb.
Makhleb was noncommittal.
You visited 2 branches of the dungeon, and saw 9 of its levels.

You collected 447 gold pieces.


Innate Abilities, Weirdness & Mutations

You are immune to sickness and miasma.
You are immune to poison.
Your flesh is very heat resistant. (rF++)
You are vulnerable to cold. (rC-)
You float through the air rather than walking.
You learn spells naturally, not from books.
Your magical power is your life essence.
You have superior vitality. (+4 MHP)


   Skills:
 + Level 6.4 Fighting
 * Level 8.1 Long Blades
 - Level 0.7 Throwing
 - Level 1.0 Armour
 - Level 2.1 Dodging
 - Level 4.0 Stealth
 * Level 7.1 Spellcasting


You knew the following spells:

 Your Spells              Type           Power      Damage    Failure   Level
a - Blink                 Tloc           78%        N/A       1%          2
b - Lesser Beckoning      Tloc           78%        N/A       1%          2
c - Vhi's Electric Charg  Tloc/Air       78%        N/A       3%          3
d - Teleport Other        Tloc           39%        N/A       3%          3
e - Manifold Assault      Tloc           39%        N/A       11%         4
f - Sting                 Tmut/Pois      100%       1d8       1%          1
g - Static Discharge      Conj/Air       78%        2-6/arc   1%          2
h - Spider Form           Tmut/Pois      39%        N/A       3%          3
i - Cause Fear            Hex            19%        N/A       11%         4
Your spell library was empty.

Inventory:

Hand Weapons
 a - the +2 long sword of the Extremes (weapon) {freeze, Int+4 Stlth+}
   (You found it on level 5 of the Dungeon)

   Int:       It affects your intelligence (+4).
   Stlth:     It makes you more stealthy.
 b - a +0 short sword of speed
   (You took it off a kobold on level 1 of the Dungeon)
 d - a +2 dagger of draining
   (You found it on level 2 of the Dungeon)
 G - a +4 scimitar
   (You took it off a wight on level 5 of the Dungeon)
 M - a +4 falchion
   (You took it off an orc on level 7 of the Dungeon)
Missiles
 D - 4 poisoned darts (quivered)
 H - 2 boomerangs
Armour
 k - a +0 robe of positive energy
   (You found it on level 1 of the Dungeon)
 y - a +0 buckler
   (You found it on level 3 of the Dungeon)
 C - a +1 pair of gloves (worn)
   (You found it on level 4 of the Dungeon)
 I - the +2 ring mail of Puraete (worn) {rC+}
   (You found it on level 6 of the Dungeon)

   rC:        It protects you from cold.
 P - a +0 cloak (worn)
   (You took it off Crazy Yiuf on level 3 of the Dungeon)
Jewellery
 g - a +4 ring of slaying (left hand)
   (You found it on level 1 of the Dungeon)
 s - a ring of resist corrosion
   (You found it on level 3 of the Dungeon)
 v - a ring of protection from fire
   (You took it off a hobgoblin on level 3 of the Dungeon)
 J - a ring of see invisible (right hand)
   (You found it on level 7 of the Dungeon)
 L - a ring of fire
   (You took it off an orc on level 7 of the Dungeon)
Wands
 K - a wand of iceblast (7)
   (You found it on level 7 of the Dungeon)
Scrolls
 c - a scroll of blinking
 i - a scroll of enchant armour {unknown}
 j - 2 scrolls of identify {unknown}
 l - 3 scrolls of fog {unknown}
 n - 2 scrolls of amnesia {unknown}
 q - 2 scrolls of teleportation {unknown}
 r - 2 scrolls of enchant weapon {unknown}
 w - 4 scrolls of immolation
 x - a scroll of fear {unknown}
 A - a scroll of noise {unknown}
 F - a scroll of vulnerability {unknown}
 N - a scroll of poison {unknown}
Potions
 e - 3 potions of flight {unknown}
 h - 4 potions of attraction {unknown}
 m - 5 potions of brilliance {unknown}
 o - 2 potions of degeneration {unknown}
 p - 2 potions of invisibility {unknown}
 t - a potion of heal wounds {unknown}
 u - 4 potions of curing
 z - a potion of ambrosia {unknown}
 B - a potion of mutation {unknown}
 E - 2 potions of lignification {unknown}
 O - 2 potions of berserk rage {unknown}

Dungeon Overview and Level Annotations

Branches:
Dungeon (8/15)             Temple (1/1) D:6            Lair (0/5) D:8

Altars:
Ashenzari
Cheibriados
Dithmenos
Elyvilon
Fedhas
Makhleb
Nemelex Xobeh
Okawaru
Qazlal
Ru
Trog
Uskayaw
Wu Jian
Xom
Yredelemnul
Zin

Shops:
D:3 :   D:7 [   D:8 :

Annotations:
D:6 2 transporters

##..(......##..#####.#..#
###...l.## #..#.....#..#
..... #..#.#####..# ...
#..#.#####..#
##.#........#
#..#######.# ###...###
#.# #.).#...## #.#
#@#.#....###.#
#Y.T..........####
#.....#####.......#
#.........Y###...#.##
#...####......#......#
....# ......##.#.#.#
.##.. .###...#.#.#.. ...
. #...#......
.|.#Y..#.####.


You could see a deep troll and an ice beast.


Message History

The shadow imp shouts, "Give up, thou skyhacking weevil-witted bladder!"
You hear a shout! x2
Something shouts, "Fly, thou feckless spleeny malt-worm!"
The kobold demonologist shouts!
You hear a shout!
The shadow imp disappears for a moment.
Partly explored, unvisited transporter.
The kobold demonologist shouts!
There is a transporter here.
The shadow imp lashes its tail.
There is a stone staircase leading down here.
You fly downwards.
There is a stone staircase leading up here.
Found a pair of boots.
J - a ring of see invisible You're wearing all the rings you can.
Remove which one? (? for menu, Esc to cancel) < or
g - a +4 ring of slaying; > or
s - a ring of resist corrosion You remove your ring of resist corrosion.
J - a ring of see invisible (right hand)
An orc comes into view. It is wielding a +0 hand axe.
You see here 6 gold pieces.
You now have 359 gold pieces (gained 6).
Found 6 stones.
Found an escape hatch in the floor.
The helpless orc fails to defend itself.
You slash the orc! You freeze the orc.
You kill the orc!
Things that are here:
a +0 hand axe; a +0 leather armour You reach down and open the door.
There is an open door here.
A wraith comes into view.
There is an open door here.
You hit the wraith but do no damage. The wraith hits you!
The wraith drains your vigour!
You feel yourself slow down.
You hit the wraith.
The wraith is lightly damaged.
The wraith hits you but does no damage.
You hit the wraith but do no damage.
The wraith is lightly damaged.
The wraith barely misses you. x2
You slash the wraith!
The wraith is heavily damaged.
The wraith hits you. The wraith drains your vigour!
You feel as though you will be slow longer.
The wraith misses you.
You hit the wraith but do no damage.
The wraith is heavily damaged.
The wraith hits you but does no damage.
You hit the wraith. You freeze the wraith.
The wraith is severely damaged.
The wraith hits you but does no damage. x2
You hit the wraith but do no damage.
The wraith is severely damaged.
The wraith hits you but does no damage.
You closely miss the wraith.
The wraith is severely damaged.
The wraith hits you but does no damage. The wraith hits you.
The wraith drains your vigour!
You feel as though you will be slow longer.
You completely miss the wraith.
The wraith is severely damaged.
The wraith hits you but does no damage.
You hit the wraith but do no damage.
The wraith is severely damaged.
The wraith hits you but does no damage. The wraith closely misses you.
You hit the wraith.
The wraith is severely damaged.
The wraith completely misses you. The wraith barely misses you.
You hit the wraith but do no damage.
The wraith is severely damaged.
The wraith closely misses you.
You barely miss the wraith.
The wraith is severely damaged.
The wraith hits you. The wraith drains your vigour!
You feel as though you will be slow longer.
The wraith closely misses you.
You closely miss the wraith.
The wraith is severely damaged.
The wraith hits you. The wraith drains your vigour!
You feel as though you will be slow longer.
You hit the wraith.
The wraith is almost destroyed.
The wraith closely misses you. The wraith hits you but does no damage.
You barely miss the wraith.
The wraith is almost destroyed.
The wraith hits you. The wraith drains your vigour!
You feel as though you will be slow longer.
You slash the wraith!
You destroy the wraith!
Your Long Blades skill increases to level 7!
There is an open door here.
You start resting.
You feel yourself speed up.
You start resting.
HP restored.
There is an open door here.
You reach down and open the door.
There is an open door here.
There is an open door here.
Found a stone staircase leading down.
Found a stone staircase leading down.
Found a stone staircase leading up.
You reach down and open the door.
Found a short sword.
There is an open door here.
Found a robe.
K - a wand of iceblast (10)
Found a club.
You see here a +0 robe.
An orc comes into view. It is wielding a +4 falchion.
The orc shouts!
You closely miss the orc. The orc closely misses you.
You slash the orc! You freeze the orc.
You kill the orc!
L - a ring of fire
Things that are here:
a +4 falchion; a +0 leather armour; an orc corpse
M - a +4 falchion You now have 364 gold pieces (gained 5).
Things that are here:
a +0 leather armour; an orc corpse
Found a stone staircase leading down.
You now have 380 gold pieces (gained 16).
Found an iron altar of Okawaru and a burning altar of Makhleb.
There is an open door here.
A killer bee comes into view.
Found 22 gold pieces.
The killer bee buzzes angrily.
You hear an angry hiss.
Found 23 gold pieces.
A water moccasin comes into view.
There is an iron altar of Okawaru here.
Found 15 gold pieces.
There is a burning altar of Makhleb here.
You hover solemnly before the altar of Makhleb.
Makhleb welcomes you!
Unknown command.
Press < or > to pray at altars.
There is an open door here.
The +2 long sword of the Extremes {freeze, Int+4 Stlth+} stops glowing.
M - a +4 falchion (weapon)
The killer bee stings you.
You miss the killer bee. The killer bee closely misses you.
The killer bee stings you but does no damage.
You miss the killer bee. The killer bee stings you.
The killer bee stings you but does no damage.
You hit the killer bee.
The killer bee is moderately wounded.
The killer bee stings you but does no damage.
You miss the killer bee.
The killer bee is moderately wounded.
The killer bee stings you.
The killer bee stings you but does no damage.
You closely miss the killer bee.
The killer bee is moderately wounded.
The killer bee stings you but does no damage. x2
You hit the killer bee.
The killer bee is heavily wounded.
The killer bee closely misses you. The killer bee barely misses you.
You slash the killer bee!
You kill the killer bee!
Makhleb accepts your kill.
You feel clever.
The +2 long sword of the Extremes {freeze, Int+4 Stlth+} glows with a cold blue light!
a - the +2 long sword of the Extremes (weapon)
{freeze, Int+4 Stlth+} The water moccasin misses you.
You barely miss the water moccasin.
The water moccasin bites you but does no damage.
The water moccasin closely misses you.
You slash the water moccasin! You freeze the water moccasin.
The water moccasin is heavily wounded.
The water moccasin bites you but does no damage.
You slash the water moccasin! You freeze the water moccasin.
You kill the water moccasin!
Makhleb accepts your kill.
You have reached level 10!
You see here a killer bee corpse.
You now have 385 gold pieces (gained 5).
You now have 393 gold pieces (gained 8).
You now have 407 gold pieces (gained 14).
You now have 425 gold pieces (gained 18).
You now have 440 gold pieces (gained 15).
You see here a killer bee corpse.
An orc wizard and 2 orcs come into view.
You hit the orc but do no damage. The orc hits you but does no damage.
You hit the orc. You freeze the orc.
The orc is heavily wounded.
The orc hits you but does no damage.
You hit the orc. You freeze the orc.
You kill the orc!
Makhleb accepts your kill.
Things that are here:
a +0 dagger; a +0 ring mail; an orc corpse An orc comes into view.
It is wielding a +0 club.
The orc wizard shouts!
The orc shouts!
You closely miss the orc wizard. You barely miss the orc wizard.
The orc wizard hits you but does no damage.
The orc hits you with a +0 club.
You completely miss the orc wizard.
The orc wizard gestures wildly while chanting.
The orc wizard flickers and vanishes for a moment.
The orc completely misses you.
You hit the orc wizard. You freeze the orc wizard.
The orc wizard is lightly wounded.
The orc wizard hits you but does no damage.
The orc closely misses you.
You hit the orc wizard. You freeze the orc wizard.
The orc wizard is severely wounded.
The orc wizard gestures at you while chanting.
The puff of flame hits you. You resist. The orc hits you with a +0 club.
You hit the orc wizard. You freeze the orc wizard.
You kill the orc wizard!
Makhleb accepts your kill.
You hit the orc. You freeze the orc.
You kill the orc!
Makhleb accepts your kill.
You closely miss the orc. The orc closely misses you.
You slash the orc! You freeze the orc.
You kill the orc!
Makhleb accepts your kill.
Found a stone staircase leading up.
There is an open door here.
Things that are here:
a +0 hand axe; an orc corpse
Things that are here:
a +0 club; a +0 dagger; a +0 robe
There is an open door here.
Things that are here:
a +0 hand axe; an orc corpse You reach down and open the door.
There is an open door here.
You reach down and open the door.
Found Wogen's Antique Armour Boutique.
There is an open door here.
There is an entrance to Wogen's Antique Armour Boutique here.
You reach down and open the door.
There is an open door here.
You reach down and open the door.
There is an open door here.
N - a scroll labelled GIAJ NO NEGOSM
There is an open door here.
You now have 447 gold pieces (gained 7).
There is an open door here.
There is an open door here.
You see here a +0 short sword.
There is an open door here.
Found an escape hatch in the ceiling.
You reach down and open the door.
There is an open door here.
You reach down and open the door.
There is an open door here.
There is an open door here.
There is an open door here.
O - a fizzy cyan potion Done exploring.
Done exploring.
Unknown command.
(D) Dungeon (T) Temple
Where to? (Enter - D:6 @ (x,y), ? - help)
What level of the Dungeon? (default 1, ? - help)
An ice beast comes into view.
Unknown command.
The +2 long sword of the Extremes {freeze, Int+4 Stlth+} stops glowing.
G - a +4 scimitar (weapon)
The ice beast hits you. The ice beast freezes you!
You hit the ice beast.
The ice beast is lightly wounded.
The ice beast hits you but does no damage.
You slash the ice beast!
The ice beast is heavily wounded.
The ice beast hits you but does no damage.
You slash the ice beast!
The ice beast is almost dead.
The ice beast hits you. The ice beast freezes you.
You slash the ice beast!
You kill the ice beast!
Makhleb accepts your kill.
You start resting.
HP restored.
(D) Dungeon (T) Temple
Where to? (Enter - D:3, ? - help)
There is a stone staircase leading up here.
You fly upwards.
Level annotation: 2 transporters
There is a stone staircase leading down here.
There is a stone staircase leading up here.
You fly upwards.
There is a stone staircase leading down here.
You see here a +0 falchion.
Things that are here:
a +0 robe; a +0 dagger
There is a stone staircase leading up here.
You fly upwards.
Level annotation: exclusion: ice beast
There is a stone staircase leading down here.
There is an escape hatch in the floor here.
There is an open door here.
There is a stone staircase leading up here.
You fly upwards.
Level annotation: 1 runed translucent door, Crazy Yiuf
There is a stone staircase leading down here.
You feel clever.
The +2 long sword of the Extremes {freeze, Int+4 Stlth+} glows with a cold blue light!
a - the +2 long sword of the Extremes (weapon)
{freeze, Int+4 Stlth+}
Things that are here:
a +0 dagger; a +0 dagger; a +0 dagger Crazy Yiuf shouts!
You reach down and open the door.
You slash Crazy Yiuf! You freeze Crazy Yiuf.
Crazy Yiuf is almost dead.
Crazy Yiuf barely misses you.
You closely miss Crazy Yiuf.
Crazy Yiuf is almost dead.
Crazy Yiuf hits you but does no damage.
You hit Crazy Yiuf. You freeze Crazy Yiuf.
You kill Crazy Yiuf!
Makhleb accepts your kill.
There is an open translucent door, spattered with blood here.
Things that are here:
a +2 quarterstaff of chaos; a +0 cloak
P - a +0 cloak You start putting on your armour.
You continue putting on your +0 cloak. x4
You finish putting on your +0 cloak.
Unknown command.
(D) Dungeon (T) Temple
Where to? (Enter - D:3, ? - help)
What level of the Dungeon? (default 1, ? - help)
Things that are here:
a +0 dagger; a +0 dagger; a +0 dagger
There is a stone staircase leading down here.
You fly downwards.
Level annotation: exclusion: ice beast
There is a stone staircase leading up here.
Partly explored, can't reach some items and places.
There is an open door here.
The +2 long sword of the Extremes {freeze, Int+4 Stlth+} stops glowing.
G - a +4 scimitar (weapon)
The ice beast hits you but does no damage.
You slash the ice beast!
The ice beast is heavily wounded.
The ice beast hits you but does no damage.
You hit the ice beast.
The ice beast is heavily wounded.
The ice beast closely misses you.
You barely miss the ice beast.
The ice beast is heavily wounded.
The ice beast hits you but does no damage.
You barely miss the ice beast.
The ice beast is heavily wounded.
The ice beast misses you.
You slash the ice beast!
The ice beast is almost dead.
The ice beast hits you but does no damage.
You slash the ice beast!
You kill the ice beast!
Makhleb accepts your kill.
No target in view!
You feel clever.
The +2 long sword of the Extremes {freeze, Int+4 Stlth+} glows with a cold blue light!
a - the +2 long sword of the Extremes (weapon)
{freeze, Int+4 Stlth+}
O - 2 fizzy cyan potions (gained 1)
w - 5 scrolls labelled FOMURUPL GUODE (gained 1) Done exploring.
Done exploring.
(D) Dungeon (T) Temple
Where to? (Enter - D:4, ? - help)
What level of the Dungeon? (default 1, ? - help)
There is a stone staircase leading down here.
You fly downwards.
There is a stone staircase leading up here.
You see here a +0 falchion.
There is a stone staircase leading down here.
You fly downwards.
Level annotation: 2 transporters
There is a stone staircase leading up here.
Partly explored, unvisited transporter.
There is a stone staircase leading down here.
You fly downwards.
There is a stone staircase leading up here.
Done exploring.
There is a stone staircase leading down here.
You fly downwards.
You hear the roar of battle.
There is an entrance to a bailey on this level.
Hurry and find it before the portal closes forever!
The steam dragon hisses angrily.
The killer bee buzzes angrily. x2
There is a stone staircase leading up here.
The killer bee buzzes angrily.
The killer bee stings you. x2
The steam dragon breathes steam at you. The ball of steam misses you.
The killer bee stings you but does no damage.
The killer bee barely misses you.
You fly upwards.
There is a stone staircase leading down here.
You hit the steam dragon but do no damage.
The steam dragon bites you but does no damage.
The steam dragon claws you.
You completely miss the steam dragon. The steam dragon closely misses you.
The steam dragon claws you.
You slash the steam dragon! You freeze the steam dragon.
The steam dragon is moderately wounded.
The steam dragon bites you.
The steam dragon claws you but does no damage.
You slash the steam dragon! You freeze the steam dragon.
The steam dragon is severely wounded.
The steam dragon breathes steam at you. The ball of steam misses you.
You hit the steam dragon. You freeze the steam dragon.
The steam dragon is severely wounded.
The steam dragon bites you.
The steam dragon claws you but does no damage.
You barely miss the steam dragon.
The steam dragon is severely wounded.
The steam dragon barely misses you. The steam dragon claws you.
You slash the steam dragon! You freeze the steam dragon.
You kill the steam dragon!
Makhleb accepts your kill.
Your Fighting skill increases to level 6!
The +2 long sword of the Extremes {freeze, Int+4 Stlth+} stops glowing.
M - a +4 falchion (weapon)
You fly downwards.
You hear the roar of battle.
There is an entrance to a bailey on this level.
Hurry and find it before the portal closes forever!
The killer bee closely misses you. The killer bee barely misses you.
The killer bee stings you but does no damage. x2
The killer bee closely misses you.
The killer bee stings you but does no damage. x3
The killer bee misses you. The killer bee barely misses you.
The killer bee stings you but does no damage. x2
There is a stone staircase leading up here.
The killer bee attacks as you move away!
The killer bee stings you but does no damage.
Found a scale mail.
The killer bee stings you but does no damage.
The killer bee stings you. The killer bee barely misses you.
The killer bee stings you but does no damage. x2
The killer bee misses you. The killer bee barely misses you.
The killer bee attacks as you move away!
The killer bee stings you.
The killer bee attacks as you move away!
The killer bee completely misses you. The killer bee barely misses you.
You miss the killer bee. The killer bee barely misses you.
The killer bee stings you but does no damage.
You slash the killer bee!
The killer bee is severely wounded.
The killer bee barely misses you.
You slash the killer bee!
You kill the killer bee!
Makhleb accepts your kill.
The killer bee stings you but does no damage.
You slash the killer bee!
The killer bee is heavily wounded.
The killer bee barely misses you.
The killer bee stings you but does no damage.
You slash the killer bee!
You kill the killer bee!
Makhleb accepts your kill.
The killer bee stings you but does no damage.
You completely miss the killer bee.
The killer bee stings you but does no damage. x2
You miss the killer bee.
The killer bee stings you but does no damage.
The killer bee barely misses you.
You barely miss the killer bee.
The killer bee stings you but does no damage.
You miss the killer bee. The killer bee barely misses you.
The killer bee stings you.
You hit the killer bee.
The killer bee is lightly wounded.
The killer bee stings you but does no damage.
The killer bee closely misses you.
You barely miss the killer bee.
The killer bee is lightly wounded.
The killer bee closely misses you. The killer bee stings you.
You barely miss the killer bee.
The killer bee is lightly wounded.
The killer bee stings you. The killer bee closely misses you.
You barely miss the killer bee.
The killer bee is lightly wounded.
The killer bee barely misses you.
The killer bee stings you but does no damage.
You barely miss the killer bee.
The killer bee is lightly wounded.
The killer bee closely misses you. The killer bee stings you!
You miss the killer bee.
The killer bee is lightly wounded.
The killer bee stings you but does no damage.
You slash the killer bee!
You kill the killer bee!
Makhleb accepts your kill. The killer bee barely misses you.
You slash the killer bee!
The killer bee is heavily wounded.
The killer bee barely misses you.
The killer bee stings you but does no damage.
You hit the killer bee.
The killer bee is almost dead.
The killer bee stings you. x2
You barely miss the killer bee.
The killer bee is almost dead.
The killer bee stings you but does no damage.
The killer bee barely misses you.
You slash the killer bee!
You kill the killer bee!
Makhleb accepts your kill.
Things that are here:
a killer bee corpse; a killer bee corpse
There is a stone staircase leading up here.
As you read the scroll labelled FOMURUPL GUODE, it crumbles to dust.
The air around you briefly surges with heat, but it dissipates.
It was a scroll of immolation.
Unknown command.
Found Lehoev's Tremendous Tomes.
You hear the faint creaking of a very distant portcullis.
Found a trident.
Found 13 gold pieces.
A black bear and an elephant come into view.
Found a staircase to the Lair.
Found a stone staircase leading up.
Found an escape hatch in the floor.
There is an escape hatch in the floor here.
Found a stone staircase leading down.
The elephant trumpets!
You hear the faint creaking of a very distant portcullis.
A howler monkey comes into view.
The howler monkey howls!
Found an escape hatch in the ceiling.
The howler monkey hoots and howls with incredible vigour!
You hear an angry hiss.
A sky beast comes into view.
Found 4 boomerangs.
The howler monkey hoots and howls with incredible vigour!
You hear a croak.
You hear an angry growl.
The elephant attacks as you move away! The elephant closely misses you.
The elephant trunk-slaps you but does no damage.
The black bear growls angrily.
A bullfrog comes into view.
A wyvern comes into view.
A basilisk comes into view.
You miss the bullfrog.
The wyvern hisses angrily.
The basilisk hisses angrily.
The howler monkey hoots and howls with incredible vigour!
The bullfrog hits you. The elephant tramples you.
You hold your ground!
The elephant trunk-slaps you but does no damage.
You hear a loud, deep croak!
Okay, then.
Unknown command.
Casting: Sting (safe; 1% risk of failure)
Confirm with . or Enter, or press ? or * to list all spells.
Casting: Cause Fear (dangerous; 17% risk of failure)
Press: ? - help, Dir - look around, f - activate You miscast Cause Fear.
You are very lightly contaminated with residual magic.
Multicoloured lights dance before your eyes.
You feel yourself slow down. The bullfrog hits you. x2
The elephant tramples you!
You hold your ground!
The elephant trunk-slaps you but does no damage.
The sky beast flickers out of sight for a moment.
Casting: Cause Fear (dangerous; 17% risk of failure)
Confirm with . or Enter, or press ? or * to list all spells.
Casting: Cause Fear (dangerous; 17% risk of failure)
Press: ? - help, Dir - look around, f - activate The black bear resists with almost no effort.
The wyvern looks frightened!
The elephant looks frightened!
The basilisk looks frightened!
The sky beast looks frightened!
The bullfrog resists with some effort.
The howler monkey resists with some effort.
The bullfrog hits you but does no damage.
The bullfrog hits you. The howler monkey hits you.
The bullfrog hits you but does no damage.
The bullfrog attacks as you move away! The bullfrog hits you.
The howler monkey attacks as you move away!
The howler monkey hits you but does no damage.
The bullfrog hits you but does no damage.
The howler monkey hoots and howls with incredible vigour!
You hear an angry hiss.
The howler monkey attacks as you move away!
The howler monkey hits you but does no damage.
Found 12 gold pieces.
The howler monkey hoots and howls with incredible vigour!
The bullfrog hits you but does no damage. x2
You hear a croak.
The bullfrog attacks as you move away! The bullfrog closely misses you.
Found 9 stones.
The bullfrog hits you but does no damage.
The bullfrog hits you but does no damage.
The howler monkey hoots and howls with incredible vigour!
You hear a loud, deep croak!
The bullfrog misses you. The bullfrog attacks as you move away!
The bullfrog barely misses you.
The bullfrog hits you but does no damage.
The wyvern barely misses you.
The bullfrog hits you but does no damage.
The wyvern bites you! The wyvern bites you.
* * * LOW HITPOINT WARNING * * *
The howler monkey hoots and howls with incredible vigour!
The bullfrog hits you but does no damage.
Your magical contamination has completely faded away.
The wyvern bites you but does no damage. x2
The bullfrog closely misses you.
The howler monkey hits the fungus!
The fungus begins to die.
The wyvern bites you!
* * * LOW HITPOINT WARNING * * *
The bullfrog hits you but does no damage.
The bullfrog closely misses you. The elephant tramples you.
* * * LOW HITPOINT WARNING * * *
You hold your ground!
The elephant trunk-slaps you but does no damage.
The bullfrog closely misses you.
The howler monkey hoots and howls with incredible vigour!
The elephant tramples you but does no damage.
The elephant trunk-slaps you but does no damage.
The bullfrog closely misses you.
You hear a shout!
You hear an angry buzzing noise. x2; You hear two shouts!
You hear an angry buzzing noise. x2; You hear a shout!
There is an escape hatch in the ceiling here.
You feel yourself speed up.
The bullfrog hits you but does no damage.
The elephant misses you. The elephant trunk-slaps you.
* * * LOW HITPOINT WARNING * * *
The bullfrog closely misses you. The elephant tramples you.
* * * LOW HITPOINT WARNING * * *
You hold your ground!
The elephant trunk-slaps you but does no damage.
A mysterious force pulls you upwards. The hatch slams shut behind you.
Unknown command.
Unknown command.
Blink to where?
Press: ? - help, Dir - move target
As you read the scroll of blinking, it crumbles to dust.
There is an open door here.
You reach down and close the door.
There is a stone staircase leading up here.
You start resting.
A bullfrog is nearby!
Throw: 5 darts (poison)
Press: ? - help, Q - select action, (/) - cycle Shift-Dir - straight line, f - bullfrog
Aim: a bullfrog (wandering, hasn't noticed you, 60% to hit)
You throw a poisoned dart. The poisoned dart hits the bullfrog.
The bullfrog is poisoned.
Unknown command.
You feel clever.
The +2 long sword of the Extremes {freeze, Int+4 Stlth+} glows with a cold blue light!
a - the +2 long sword of the Extremes (weapon)
{freeze, Int+4 Stlth+} You slash the bullfrog!
You freeze the bullfrog.
The bullfrog is almost dead.
The bullfrog completely misses you.
You hit the bullfrog. You freeze the bullfrog.
You kill the bullfrog!
Makhleb accepts your kill.
No target in view!
You start resting.
HP restored.
You see here a bullfrog corpse.
You see here a bullfrog corpse.
The elephant trumpets!
There is a stone staircase leading up here.
Unknown command.
Press: ? - help, v - describe, . - travel
Here: an elephant The floor.
Throw: 2 boomerangs
Press: ? - help, Q - select action, (/) - cycle Shift-Dir - straight line, f - elephant
Aim: an elephant (91% to hit)
You throw a boomerang. The boomerang hits the elephant.
The elephant is lightly wounded.
Unknown command.
Throw: 2 boomerangs
Press: ? - help, Q - select action, (/) - cycle Shift-Dir - straight line, f/p - elephant
Aim: an elephant (lightly wounded, 91% to hit)
You throw a boomerang. The boomerang hits the elephant.
The elephant is lightly wounded.
Unknown command.
Throw: 6 boomerangs (disperse)
Press: ? - help, Q - select action, (/) - cycle Shift-Dir - straight line, f/p - elephant
Aim: an elephant (lightly wounded, 91% to hit)
You throw a boomerang of dispersal.
The boomerang of dispersal hits the elephant and shatters, but does no damage.
The elephant is lightly wounded.
The elephant tramples you but does no damage.
The elephant trunk-slaps you.
Throw: 5 boomerangs (disperse)
Press: ? - help, Q - select action, (/) - cycle Shift-Dir - straight line, f/p - elephant
Aim: an elephant (91% to hit)
You throw a boomerang of dispersal.
The boomerang of dispersal hits the elephant and shatters, but does no damage.
The elephant misses you. The elephant barely misses you.
Throw: 4 boomerangs (disperse)
Press: ? - help, Q - select action, (/) - cycle Shift-Dir - straight line, f/p - elephant
Aim: an elephant (91% to hit)
You throw a boomerang of dispersal.
The boomerang of dispersal hits the elephant and shatters, but does no damage.
The elephant tramples you!
You are shoved backwards!
Throw: 3 boomerangs (disperse)
Press: ? - help, Q - select action, (/) - cycle Shift-Dir - straight line, f/p - elephant
Aim: an elephant (91% to hit)
You throw a boomerang of dispersal.
The boomerang of dispersal hits the elephant and shatters for extra damage.
The elephant blinks!
The elephant is lightly wounded.
Aiming: Iceblast
Press: ? - help, Shift-Dir - straight line, f/p - elephant
Aim: an elephant (lightly wounded)
The mass of ice explodes!
The iceblast engulfs the elephant!
The elephant is moderately wounded.
Unknown command.
Aiming: Iceblast
Press: ? - help, Shift-Dir - straight line, f/p - elephant
Aim: an elephant (moderately wounded)
The mass of ice explodes!
The iceblast engulfs the elephant!
The elephant is heavily wounded.
Unknown command.
Aiming: Iceblast
Press: ? - help, Shift-Dir - straight line, f/p - elephant
Aim: an elephant (heavily wounded)
The mass of ice explodes!
The iceblast engulfs the elephant!
The elephant is severely wounded.
Unknown command.
Throw: 2 boomerangs (disperse)
Press: ? - help, Q - select action, (/) - cycle Shift-Dir - straight line, f/p - elephant
Aim: an elephant (severely wounded, 91% to hit)
You throw a boomerang of dispersal.
The boomerang of dispersal hits the elephant and shatters, but does no damage.
The elephant is severely wounded.
The elephant tramples you but does no damage.
The elephant trunk-slaps you but does no damage.
Throw: boomerang (disperse)
Press: ? - help, Q - select action, (/) - cycle Shift-Dir - straight line, f/p - elephant
Aim: an elephant (severely wounded, 91% to hit)
You throw a boomerang of dispersal.
The boomerang of dispersal hits the elephant and shatters for extra damage.
The elephant blinks!
The elephant is severely wounded.
Throw: 4 darts (poison)
Press: ? - help, Q - select action, (/) - cycle Shift-Dir - straight line, f/p - elephant
Aim: an elephant (severely wounded, 91% to hit)
You throw a poisoned dart. The poisoned dart hits the elephant.
The elephant is poisoned.
The elephant is severely wounded.
Throw: 3 darts (poison)
Press: ? - help, Q - select action, (/) - cycle Shift-Dir - straight line, f/p - elephant
Aim: an elephant (severely wounded, poisoned, 91% to hit)
You throw a poisoned dart. The poisoned dart hits the elephant.
The elephant looks even sicker.
The elephant is severely wounded.
Throw: 2 darts (poison)
Press: ? - help, Q - select action, (/) - cycle Shift-Dir - straight line, f/p - elephant
Aim: an elephant (severely wounded, very poisoned, 91% to hit)
You throw a poisoned dart. The poisoned dart hits the elephant.
The elephant is severely wounded.
Unknown command.
Throw: dart (poison)
Press: ? - help, Q - select action, (/) - cycle Shift-Dir - straight line, f/p - elephant
Aim: an elephant (severely wounded, very poisoned, 91% to hit)
You throw a poisoned dart. The poisoned dart hits the elephant.
The elephant looks even sicker.
The elephant is severely wounded.
You slash the elephant! You freeze the elephant!
You kill the elephant!
Makhleb accepts your kill.
Your Long Blades skill increases to level 8!
Your Spellcasting skill increases to level 7!
D - a poisoned dart
D - 2 poisoned darts (gained 1)
D - 3 poisoned darts (gained 1)
D - 4 poisoned darts (gained 1)
D - 5 poisoned darts (gained 1) Done exploring.
There is a stone staircase leading down here.
You fly downwards.
You hear the roar of battle.
There is an entrance to a bailey on this level.
Hurry and find it before the portal closes forever!
You hear the steady creaking of a very distant portcullis.
There is a stone staircase leading up here.
An ice beast comes into view.
A two-headed ogre comes into view.
It is wielding a +0 giant club and a +0 giant spiked club.
A vampire comes into view.
It is wielding the +2 dire flail "Xic Noe" {spect, Will+ Dex+5}.
The vampire moves out of view.
Found a stone staircase leading down.
There is a stone staircase leading down here.
You hear the steady creaking of a very distant portcullis.
There is a stone staircase leading down here.
Found a gnarled jewelled staff.
Unknown command.
The two-headed ogre shouts in stereo!
You hear the quick creaking of a very distant portcullis.
You reach down and open the door.
There is an open door here.
There is a stone staircase leading up here.
You fly upwards.
There is a stone staircase leading down here.
You see here a +0 short sword.
There is an open door here.
There is a stone staircase leading down here.
You fly downwards.
You hear the roar of battle.
There is an entrance to a bailey on this level.
Hurry and find it before the portal closes forever!
There is a stone staircase leading up here.
The bullfrog gives a loud, deep croak!
You slash the bullfrog!
The bullfrog seems to slow down.
You freeze the bullfrog.
The bullfrog is severely wounded.
The bullfrog hits you but does no damage.
You barely miss the bullfrog.
The bullfrog is severely wounded.
The bullfrog barely misses you.
You slash the bullfrog!
The bullfrog seems to slow down.
You freeze the bullfrog.
You kill the bullfrog!
Makhleb accepts your kill.
You reach down and open the door.
You reach down and open the door.
There is an open door here. 2 killer bees come into view.
Found a stone staircase leading down.
A killer bee comes into view.
The killer bee moves out of view.
The killer bee buzzes angrily.
A killer bee comes into view.
Throw: 5 darts (poison)
Press: ? - help, Q - select action, (/) - cycle Shift-Dir - straight line, f - killer bee
Aim: a killer bee (wandering, hasn't noticed you, 42% to hit)
You throw a poisoned dart. The poisoned dart hits the killer bee.
The killer bee is poisoned.
The killer bee buzzes angrily. x3
The killer bee barely misses you.
You miss the killer bee.
The killer bee is moderately wounded.
You hear the quick creaking of a distant portcullis.
The killer bee closely misses you. The killer bee stings you.
The +2 long sword of the Extremes {freeze, Int+4 Stlth+} stops glowing.
M - a +4 falchion (weapon)
The killer bee stings you!
The black bear growls angrily.
You hit the killer bee.
The killer bee is heavily wounded.
The killer bee barely misses you. x2
You hit the killer bee.
The killer bee is severely wounded.
The killer bee closely misses you. The killer bee completely misses you.
You barely miss the killer bee.
The killer bee is almost dead.
You kill the killer bee!
Makhleb accepts your kill.
You slash the killer bee!
The killer bee is heavily wounded.
The killer bee stings you.
The killer bee stings you but does no damage.
You barely miss the killer bee.
The killer bee is heavily wounded.
The killer bee stings you.
The killer bee stings you but does no damage.
You hit the killer bee but do no damage.
The killer bee is heavily wounded.
The killer bee stings you but does no damage.
The killer bee stings you.
You slash the killer bee!
You kill the killer bee!
Makhleb accepts your kill. The killer bee stings you. The black bear bites you!
The black bear barely misses you. The black bear closely misses you.
You miss the killer bee. The killer bee barely misses you.
You hit the killer bee.
The killer bee is moderately wounded.
The killer bee barely misses you. The black bear bites you.
The black bear claws you but does no damage.
The black bear barely misses you. The killer bee barely misses you.
You closely miss the killer bee.
The killer bee is moderately wounded.
The killer bee stings you. The black bear bites you.
* * * LOW HITPOINT WARNING * * *
The black bear claws you but does no damage.
The black bear barely misses you.
The killer bee stings you but does no damage.
You miss the killer bee.
The killer bee is moderately wounded.
The killer bee stings you.
* * * LOW HITPOINT WARNING * * *
The black bear bites you.
* * * LOW HITPOINT WARNING * * *
The black bear claws you but does no damage. x2
The killer bee stings you.
* * * LOW HITPOINT WARNING * * *
Casting: Cause Fear (dangerous; 14% risk of failure)
Confirm with . or Enter, or press ? or * to list all spells.
You blink.
* * * LOW HITPOINT WARNING * * *
You slash the killer bee!
The killer bee is almost dead.
The killer bee misses you.
You slash the killer bee!
You kill the killer bee!
Makhleb accepts your kill.
The killer bee stings you but does no damage.
You closely miss the killer bee.
You feel stable enough to blink again. The killer bee completely misses you.
The killer bee barely misses you.
You slash the killer bee!
The killer bee is heavily wounded.
The killer bee stings you.
* * * LOW HITPOINT WARNING * * *
The killer bee stings you but does no damage.
You barely miss the killer bee.
The killer bee is heavily wounded.
The killer bee closely misses you.
The killer bee stings you but does no damage.
You closely miss the killer bee.
The killer bee is heavily wounded.
The killer bee stings you but does no damage. x2
You hit the killer bee.
The killer bee is severely wounded.
The killer bee barely misses you.
You completely miss the killer bee.
The killer bee is severely wounded.
The killer bee barely misses you.
The killer bee stings you but does no damage.
You slash the killer bee!
You kill the killer bee!
Makhleb accepts your kill.
Casting: Blink (safe; 2% risk of failure)
Confirm with . or Enter, or press ? or * to list all spells.
You blink.
* * * LOW HITPOINT WARNING * * *
You feel stable enough to blink again.
There is an escape hatch in the ceiling here.
The basilisk hisses angrily.
You hear an angry hiss.
The basilisk gazes at you.
You easily resist.
A mysterious force pulls you upwards. The hatch slams shut behind you.
As you open the door, it creaks loudly!
You start resting.
HP restored.
(D) Dungeon (T) Temple (L) Lair
Where to? (Enter - D:7 @ (x,y), ? - help)
There is an open door here.
There is a stone staircase leading down here.
You fly downwards.
You hear the roar of battle.
There is an entrance to a bailey on this level.
Hurry and find it before the portal closes forever!
The walls and floor vibrate strangely for a moment.
There is a stone staircase leading up here.
You feel clever.
The +2 long sword of the Extremes {freeze, Int+4 Stlth+} glows with a cold blue light!
a - the +2 long sword of the Extremes (weapon)
{freeze, Int+4 Stlth+}
There is an entrance to Lehoev's Tremendous Tomes here.
A sky beast is nearby!
A deep troll comes into view.
You see here a +0 trident.
Press: ? - help, v - describe, . - travel
Here: a deep troll The floor.
Unknown command.
You slash the deep troll! You freeze the deep troll.
The deep troll is lightly wounded.
The deep troll bites you but does no damage.
The deep troll barely misses you.
The deep troll claws you but does no damage.
You barely miss the deep troll.
The deep troll is lightly wounded.
The deep troll bites you! The deep troll barely misses you.
The deep troll claws you but does no damage.
You completely miss the deep troll.
The deep troll is lightly wounded.
The deep troll bites you but does no damage.
The deep troll claws you! The deep troll misses you.
You closely miss the deep troll.
The deep troll is lightly wounded.
The deep troll barely misses you. The deep troll claws you.
The deep troll completely misses you.
You hit the deep troll. You freeze the deep troll.
The deep troll is lightly wounded.
The deep troll bites you but does no damage.
The deep troll claws you.
The deep troll claws you but does no damage.
You barely miss the deep troll.
The deep troll is lightly wounded.
The deep troll bites you! The deep troll claws you!
The deep troll claws you but does no damage.
You hit the deep troll. You freeze the deep troll.
The deep troll is moderately wounded.
The ice beast hits you but does no damage.
The deep troll closely misses you. x2; The deep troll claws you.
You barely miss the deep troll.
The deep troll is moderately wounded.
The ice beast hits you but does no damage.
The deep troll bites you but does no damage.
The deep troll claws you.
* * * LOW HITPOINT WARNING * * *
The deep troll claws you.
* * * LOW HITPOINT WARNING * * *
You hit the deep troll. You freeze the deep troll.
The deep troll is moderately wounded.
The ice beast hits you but does no damage.
The deep troll bites you but does no damage.
The deep troll closely misses you. The deep troll claws you!
* * * LOW HITPOINT WARNING * * *
You slash the deep troll! You freeze the deep troll.
The deep troll is heavily wounded.
The ice beast closely misses you. The deep troll bites you!!
You die...

Skill      XL: |  1  2  3  4  5  6  7  8  9 10 |
---------------+-------------------------------+-----
Long Blades    | 2 3 4 5 7 8 |  8.1
Stealth        | 1 2 3 4 |  4.0
Spellcasting   | 3 4 5 6 7 |  7.1
Fighting       | 3 4 5 6 |  6.4
Throwing       | |  0.7
Armour         | |  1.0
Dodging        | |  2.1

Action                     |  1- 3 |  4- 6 |  7- 9 | 10-12 || total
---------------------------+-------+-------+-------+-------++-------
  Melee: Falchion          |    21 |       |     7 |    41 ||    69
         Short sword       |    71 |   290 |    91 |       ||   452
         Punch             |       |     1 |     3 |       ||     4
         Long sword        |       |       |   158 |    39 ||   197
         Scimitar          |       |       |       |    10 ||    10
  Throw: Boomerang         |       |       |     5 |     8 ||    13
         Dart              |       |       |     8 |     6 ||    14
   Cast: Sting             |     2 |     9 |    15 |       ||    26
         Static Discharge  |       |       |     6 |       ||     6
         Blink             |       |       |       |     2 ||     2
         Cause Fear        |       |       |       |     1 ||     1
  Evoke: Wand              |       |       |       |     3 ||     3
    Use: Scroll            |       |       |     1 |     2 ||     3
   Stab: Sleeping          |       |     3 |     4 |       ||     7
         Distracted        |       |       |     1 |       ||     1
 Armour: Leather armour    |     3 |       |       |       ||     3
         Robe              |     5 |    24 |    33 |       ||    62
         Ring mail         |       |       |    18 |    92 ||   110
  Dodge: Dodged            |    44 |    83 |   118 |    77 ||   322

Levels and vault maps discovered:
D:1:      dpeg_arrival_short_road, layout_loops_ring, basic_ecumenical_altar
D:2:      layout_basic
D:3:      layout_loops_ring, serial_shops, shop_fountains,
          minmay_misc_feat_tower, nrook_uturn, uniq_natasha,
          uniq_crazy_yiuf_cottage
D:4:      layout_basic, mainiacjoe_overflow_cross_hatched
D:5:      layout_loops_ring, uniq_blork_the_orc
D:6:      gammafunk_wand_slinger, layout_rooms,
          mainiacjoe_overflow_divided_tiny, minmay_temple_entry_nine_rooms,
          minmay_crossroads, uniq_duvessa
D:7:      layout_gridville, jmf_multi_god_temple, serial_shops, kennysheep_mini,
          serial_park_tiny_pond
D:8:      layout_basic, david_lair_generic, enter_bailey_2,
          nicolae_shop_i_like_big_books, minmay_radiant, uniq_maurice
Temple:   nicolae_temple_superstar

Notes
Turn   | Place    | Note
-------+----------+-------------------------------------------
     0 | D:1      | scionoferis the Djinni Warper began the quest for the Orb.
     0 | D:1      | scionoferis set off with the following spells memorised:
                  | Blink, Lesser Beckoning, Vhi's Electric Charge, Teleport
                  | Other, Manifold Assault.
     0 | D:1      | Reached XP level 1. HP: 18/18 MP: 0/0
    63 | D:1      | Reached skill level 2 in Long Blades
   128 | D:1      | Reached XP level 2. HP: 23/23 MP: 0/0
   482 | D:1      | Found a faded altar of an unknown god.
   544 | D:1      | Reached XP level 3. HP: 27/28 MP: 0/0
   544 | D:1      | Learned a level 1 spell: Sting
  1022 | D:2      | Reached skill level 1 in Stealth
  1085 | D:2      | Reached XP level 4. HP: 34/34 MP: 0/0
  1190 | D:2      | Reached skill level 3 in Spellcasting
  1265 | D:2      | Reached XP level 5. HP: 16/39 MP: 0/0
  1265 | D:2      | Learned a level 2 spell: Static Discharge
  1612 | D:2      | Reached skill level 3 in Long Blades
  2067 | D:3      | Noticed Natasha
  2147 | D:3      | Killed Natasha
  2264 | D:3      | Reached XP level 6. HP: 45/45 MP: 0/0
  2485 | D:3      | Noticed Natasha
  2596 | D:3      | Identified the +1 plate armour of Inevitability {*Corrode
                  | rC+ rN+++ Str+3}
  2603 | D:3      | Found Beaxe's Book Boutique.
  2798 | D:3      | Reached skill level 3 in Fighting
  3034 | D:3      | Killed Natasha
  3035 | D:3      | Reached skill level 2 in Stealth
  3218 | D:3      | Found a runed translucent door.
  3219 | D:3      | Noticed Crazy Yiuf
  3351 | D:3      | Noticed Natasha
  3362 | D:3      | Killed Natasha
  3585 | D:4      | Noticed an ice beast
  4082 | D:4      | Found a sparkling altar of Nemelex Xobeh.
  4284 | D:5      | Entered Level 5 of the Dungeon
  4315 | D:5      | Noticed Blork the orc
  4526 | D:5      | Reached XP level 7. HP: 14/50 MP: 0/0
  4526 | D:5      | Learned a level 3 spell: Spider Form
  4716 | D:5      | Reached skill level 4 in Long Blades
  4980 | D:5      | Reached skill level 4 in Spellcasting
  5603 | D:5      | Identified the +2 long sword of the Extremes {freeze, Int+4
                  | Stlth+}
  5683 | D:6      | Noticed a kobold demonologist
  5687 | D:6      | Found a transporter.
  5694 | D:6      | Reached XP level 8. HP: 38/58 MP: 0/0
  5694 | D:6      | Noticed Duvessa
  5806 | D:5      | Reached skill level 4 in Fighting
  5806 | D:5      | Reached skill level 3 in Stealth
  5941 | D:5      | Reached skill level 5 in Long Blades
  6271 | D:5      | Killed Blork the orc
  6452 | D:5      | Reached skill level 5 in Spellcasting
  6494 | D:6      | Noticed Dowan
  6672 | D:6      | HP: 3/58 [wight/iceblast (18)]
  6886 | D:5      | Reached XP level 9. HP: 62/63 MP: 0/0
  6886 | D:5      | Learned a level 4 spell: Cause Fear
  7190 | D:6      | Killed Duvessa
  7191 | D:6      | Reached skill level 6 in Long Blades
  7195 | D:5      | Reached skill level 4 in Stealth
  7344 | D:6      | Killed Dowan
  7345 | D:6      | Reached skill level 5 in Fighting
  7405 | D:6      | Found a transporter.
  7514 | D:6      | Noticed a kobold demonologist
  7606 | D:6      | Noticed a troll
  7800 | D:6      | Identified the +2 ring mail of Puraete {rC+}
  7859 | D:6      | Found a hide-covered altar of Uskayaw.
  7861 | D:6      | Found an ornate altar of the Wu Jian Council.
  8159 | D:6      | Found a staircase to the Ecumenical Temple.
  8166 | Temple   | Entered the Ecumenical Temple
  8265 | D:6      | Reached skill level 6 in Spellcasting
  8319 | D:6      | Killed a troll
  8492 | D:7      | Reached skill level 7 in Long Blades
  8635 | D:7      | Found an iron altar of Okawaru.
  8635 | D:7      | Found a burning altar of Makhleb.
  8643 | D:7      | Became a worshipper of Makhleb the Destroyer
  8669 | D:7      | Reached XP level 10. HP: 64/72 MP: 0/0
  8789 | D:7      | Found Wogen's Antique Armour Boutique.
  9113 | D:3      | Killed Crazy Yiuf
  9290 | D:7      | Reached skill level 6 in Fighting
  9323 | D:8      | Found Lehoev's Tremendous Tomes.
  9346 | D:8      | Found a staircase to the Lair.
  9346 | D:8      | Noticed an elephant
  9420 | D:8      | HP: 3/72 [elephant (6)]
  9656 | D:7      | Killed an elephant
  9657 | D:7      | Reached skill level 8 in Long Blades
  9657 | D:7      | Reached skill level 7 in Spellcasting
  9723 | D:8      | Noticed a two-headed ogre
  9739 | D:8      | Identified the +2 dire flail "Xic Noe" {spect, Will+ Dex+5}
 10140 | D:8      | Noticed a deep troll
 10151 | D:8      | HP: 5/73 [deep troll (shapeshifter) (9)]
 10152 | D:8      | Demolished by a deep troll (shapeshifter)

Vanquished Creatures
  An elephant (D:7)
  A troll (D:6)
  A wraith (D:7)
  A steam dragon (D:7)
  A water moccasin (D:7)
  A sky beast (D:5)
  Duvessa (D:6)
  2 ice beasts (D:7 D:4)
  A centaur (D:6)
  2 ogres (D:5 D:6)
  2 phantoms (D:5)
  Blork the orc (D:5)
  4 bullfrogs (D:5 D:6 D:7 D:8)
  2 scorpions (D:6)
  10 wights (D:6 D:5)
  Dowan (D:6)
  9 killer bees (D:7 D:8)
  2 howler monkeys (D:5)
  A hound (D:6)
  A gnoll bouda (D:5)
  A jelly (D:5)
  3 orc priests (D:5 D:6)
  Crazy Yiuf (D:3)
  3 orc wizards (D:5 D:7)
  A sleepcap (D:5)
  Natasha (thrice) (D:3)
  3 iguanas (D:4 D:5 D:6)
  11 gnolls (D:2 D:4 D:5)
  7 adders (D:2 D:3 D:5)
  A shadow imp (D:6)
  A white imp (D:6)
  2 ufetubi (D:4 D:5)
  2 worms (D:2)
  3 dart slugs (D:2 D:4)
  25 orcs (D:3 D:4 D:5 D:6 D:7)
  7 ball pythons (D:1 D:2 D:4)
  7 endoplasms (D:1 D:3 D:4)
  2 giant cockroaches (D:2 D:4)
  4 goblins (D:1 D:2 D:3)
  7 hobgoblins (D:1 D:2 D:3 D:4)
  8 jackals (D:3)
  10 kobolds (D:1 D:2 D:3 D:4)
  4 quokkas (D:2 D:3)
  3 bats (D:2 D:3)
  5 frilled lizards (D:1 D:2)
  3 rats (D:1 D:3)
172 creatures vanquished.

Table legend: (Time is in decaauts)
 A = Elapsed time spent in this place.
 B = Non-inter-level travel time spent in this place.
 C = Inter-level travel time spent in this place.
 D = Time resting spent in this place.
 E = Time spent auto-exploring this place.
 F = Levels seen in this place.
 G = Mean time per level.
                   A        B        C        D        E       F      G
               +--------+--------+--------+--------+--------+-----+--------+
         Total |  10051 |   9254 |    797 |   2637 |   4228 |   9 | 1116.8 |
       Dungeon |   9957 |   9170 |    787 |   2637 |   4159 |   8 | 1244.6 |
        Temple |     93 |     83 |     10 |      0 |     69 |   1 |   93.0 |
               +--------+--------+--------+--------+--------+-----+--------+

Top non-repeatable levels by time:
     D:5: 2479 daAuts
     D:4: 1392 daAuts
     D:3: 1378 daAuts
     D:2: 1206 daAuts
     D:7: 1140 daAuts
     D:6: 1068 daAuts
     D:1: 925 daAuts
     D:8: 367 daAuts
  Temple: 93 daAuts

Table legend:
 A = Non-vault XP
 B = Vault XP
 C = Vault XP percentage of total XP
 D = Non-vault monster count
 E = Vault monster count
 F = Vault count percentage of total count
                 A         B        C        D         E       F
            +---------+---------+-------+---------+---------+-------
      Total |    4497 |    1074 |  19.3 |     161 |      11 |   6.4
            +---------+---------+-------+---------+---------+-------
        D:1 |      38 |       0 |   0.0 |      23 |       0 |   0.0
        D:2 |     182 |       0 |   0.0 |      24 |       0 |   0.0
        D:3 |     141 |      75 |  34.7 |      30 |       2 |   6.2
        D:4 |     212 |       0 |   0.0 |      16 |       0 |   0.0
        D:5 |    1580 |     137 |   8.0 |      34 |       3 |   8.1
        D:6 |    1109 |     214 |  16.2 |      15 |       3 |  16.7
        D:7 |     660 |     648 |  49.5 |      10 |       3 |  23.1
        D:8 |     575 |       0 |   0.0 |       9 |       0 |   0.0
            +---------+---------+-------+---------+---------+-------
